 Dungeon Crawl Stone Soup version 0.19.5 (webtiles) character file.

601 Ge0ff the Conjurer (level 7, -1/40 HPs)
             Began as a Tengu Air Elementalist on Apr 3, 2017.
             Slain by a hippogriff (10 damage)
             ... on level 5 of the Dungeon.
             The game lasted 00:12:00 (4777 turns).

Ge0ff the Conjurer (Tengu Air Elementalist)         Turns: 4777, Time: 00:12:01

Health: -1/40      AC:  3    Str:  9    XL:     7   Next: 41%
Magic:  6/14       EV: 14    Int: 17    God:
Gold:   243        SH:  0    Dex: 16    Spells: 4 memorised, 6 levels left

rFire  . . .     SeeInvis .     I - +1 whip (elec)
rCold  . . .     Gourm    +     a - +1 robe
rNeg   . . .     Faith    .     (no shield)
rPois  .         Spirit   .     (helmet restricted)
rElec  .         Reflect  .     (no cloak)
rCorr  .         Harm     .     (no gloves)
MR     .....                    (boots unavailable)
Stlth  ++........               t - amulet of the gourmand
                                N - +5 ring of slaying
                                j - +2 ring of dexterity

@: repel missiles
A: beak, talons 3, able to fly 1
a: Fly


You were on level 5 of the Dungeon.
You were completely stuffed.

You visited 2 branches of the dungeon, and saw 6 of its levels.

You collected 243 gold pieces.

Inventory:

Hand Weapons
 I - a +1 whip of electrocution (weapon)
Missiles
 h - 126 stones (quivered)
Armour
 a - a +1 robe (worn)
Jewellery
 j - a +2 ring of dexterity (left hand)
 t - an amulet of the gourmand (around neck)
 G - a +3 amulet of reflection {unknown}
 N - a +5 ring of slaying (right hand)
Scrolls
 l - a scroll of enchant armour
 m - 2 scrolls of fog {unknown}
 s - a scroll of noise {unknown}
 v - 2 scrolls of magic mapping {unknown}
 w - a scroll of teleportation {unknown}
 y - a scroll of random uselessness {unknown}
 C - 4 scrolls of remove curse
 D - a scroll of fear {unknown}
 K - a scroll of amnesia {unknown}
 Q - a scroll of blinking {unknown}
 S - a scroll of identify {unknown}
Potions
 d - 3 potions of heal wounds {unknown}
 o - a potion of ambrosia {unknown}
 q - a potion of might {unknown}
 u - 2 potions of lignification {unknown}
 F - a potion of agility {unknown}
 M - 3 potions of magic {unknown}
Books
 b - a book of Air

   Spells                             Type                      Level
   a - Shock                          Conjuration/Air              1
   b - Swiftness                      Charms/Air                   2
   c - Repel Missiles                 Charms/Air                   2
   d - Static Discharge               Conjuration/Air              3
   e - Lightning Bolt                 Conjuration/Air              5
Comestibles
 c - 4 bread rations
 k - 4 fruits
 x - 2 royal jellies
 P - a slice of pizza
 R - a beef jerky


   Skills:
 + Level 2.4 Fighting
 + Level 3.4 Dodging
 - Level 2.0 Stealth
 + Level 4.1 Spellcasting
 + Level 7.1 Conjurations
 - Level 4.0 Air Magic


You had 6 spell levels left.
You knew the following spells:

 Your Spells              Type           Power        Failure   Level  Hunger
a - Shock                 Conj/Air       ###.         1%          1    None
d - Repel Missiles        Chrm/Air       ##....       12%         2    ##.....
q - Swiftness             Chrm/Air       ##......     12%         2    ##.....
s - Static Discharge      Conj/Air       ###.....     6%          3    ###....


Dungeon Overview and Level Annotations

Branches:
Dungeon (5/15)             Temple (1/1) D:4

Altars:
Ashenzari
Cheibriados
Elyvilon
Gozag
Hepliaklqana
Makhleb
Nemelex Xobeh
Okawaru
Qazlal
Trog
Uskayaw
Yredelemnul
Zin
The Shining One


Innate Abilities, Weirdness & Mutations

You have a beak for a mouth.
You have claws for feet.
You can fly.


Message History

Casting: Shock
Confirm with . or Enter, or press ? or * to list all spells.
Aiming: Shock
Press: ? - help, Shift-Dir - straight line The zap misses the hippogriff.
The zap hits the hippogriff.
The hippogriff is severely wounded.
The hippogriff bites you. The hippogriff pecks you!
* * * LOW HITPOINT WARNING * * *
The hippogriff claws you.
* * * LOW HITPOINT WARNING * * *
Casting: Shock
Confirm with . or Enter, or press ? or * to list all spells.
Aiming: Shock
Press: ? - help, Shift-Dir - straight line The zap hits the hippogriff.
The hippogriff is severely wounded.
The zap hits the hippogriff.
The hippogriff is severely wounded.
The hippogriff bites you!
You die...

..$.H # ... .#### #.#
.#.. #.####..# # #
#.##....# .#. #.##....#
##.## ####..)...# #...#
#..H###.### #...#
#.@<......# #...#
#...##..#.#
#...####.###......
.######............##.###
...............##..# #
...............##..#
#..............# ..
#.####>)..........# .# #
#.....######## #


You could see a hippogriff.

Vanquished Creatures
  An ogre (D:4)
  A water moccasin zombie (D:5)
  A scorpion (D:4)
  A hound (D:4)
  A centaur skeleton (D:4)
  An orc wizard (D:4)
  Ijyb (D:2)
  An iguana (D:4)
  5 worker ants (D:4)
  3 adders
  A howler monkey skeleton (D:4)
  2 worms
  2 dart slugs
  4 leopard geckos
  20 orcs
  10 bats
  5 giant cockroaches
  7 goblins
  5 hobgoblins
  4 jackals (D:3)
  13 kobolds
  2 quokkas
  3 frilled lizards
  A quokka skeleton (D:4)
  8 rats
  A plant (D:1)
104 creatures vanquished.

Notes
Turn   | Place    | Note
-------+----------+-------------------------------------------
     0 | D:1      | Ge0ff the Tengu Air Elementalist began the quest for the Orb.
     0 | D:1      | Reached XP level 1. HP: 10/10 MP: 4/4
    56 | D:1      | Reached skill level 2 in Conjurations
   168 | D:1      | Reached XP level 2. HP: 15/15 MP: 3/6
   176 | D:1      | Learned a level 2 spell: Repel Missiles
   315 | D:1      | Reached skill level 3 in Conjurations
   595 | D:1      | Reached XP level 3. HP: 18/19 MP: 1/7
   618 | D:1      | Learned a level 3 spell: Static Discharge
   703 | D:1      | Reached skill level 4 in Conjurations
  1365 | D:2      | Noticed Ijyb
  1383 | D:2      | Killed Ijyb
  1383 | D:2      | Reached XP level 4. HP: 9/24 MP: 2/8
  1706 | D:2      | Reached skill level 5 in Conjurations
  2375 | D:3      | Gained mutation: You can fly. [Tengu growth]
  2375 | D:3      | Reached XP level 5. HP: 28/28 MP: 5/10
  2811 | D:3      | Found an iron altar of Okawaru.
  2866 | D:3      | Learned a level 2 spell: Swiftness
  3368 | D:4      | Reached skill level 6 in Conjurations
  3468 | D:4      | Reached XP level 6. HP: 32/32 MP: 7/12
  3638 | D:4      | Reached skill level 1 in Fighting
  3759 | D:4      | Found a staircase to the Ecumenical Temple.
  3768 | Temple   | Entered the Ecumenical Temple
  4241 | D:4      | Reached XP level 7. HP: 39/39 MP: 5/13
  4260 | D:4      | Reached skill level 7 in Conjurations
  4726 | D:5      | Entered Level 5 of the Dungeon
  4762 | D:5      | Noticed a hippogriff
  4777 | D:5      | Slain by a hippogriff

Skill      XL: |  1  2  3  4  5  6  7 |
---------------+----------------------+-----
Conjurations   | 2 3 4 5 6 7 |  7.1
Spellcasting   | 3 4 |  4.1
Fighting       | 1 2 |  2.4
Dodging        | 3 |  3.4
Stealth        | |  2.0
Air Magic      | |  4.0

Action                   |  1- 3 |  4- 6 |  7- 9 || total
-------------------------+-------+-------+-------++-------
Melee: Dagger            |     4 |       |       ||     4
       Peck              |     6 |     1 |       ||     7
       Short sword       |    31 |     3 |       ||    34
       Kick              |    13 |     4 |     1 ||    18
       Whip              |       |     8 |     3 ||    11
Throw: Stone             |     8 |     7 |       ||    15
 Cast: Shock             |    69 |   140 |    23 ||   232
       Repel Missiles    |     2 |       |       ||     2
       Static Discharge  |       |     3 |       ||     3
  Use: Scroll            |       |     2 |       ||     2
 Stab: Sleeping          |     1 |       |     1 ||     2
  Eat: Chunk             |     3 |    24 |     2 ||    29
Armor: Robe              |     4 |     1 |     2 ||     7
Dodge: Dodged            |    18 |    17 |     4 ||    39
       Deflected         |     1 |       |       ||     1
